[Event "SUI-ch Bundesturnier TP-1 2022"]
[Site "Payerne"]
[Date "2022.05.28"]
[Round "6.8"]
[White "Mamalis, Prokopios"]
[Black "Pogan, Nikolas"]
[Result "1-0"]
[ECO "B11"]
[WhiteElo "2067"]
[BlackElo "2239"]
[Annotator "TA"]
[PlyCount "97"]
[EventDate "2022.05.26"]
[EventType "swiss"]
[EventCountry "SUI"]
[SourceTitle "playchess.com"]
[Source "ChessBase"]
[SourceQuality "1"]
[TimeControl "5400+30"]

1. e4 c6 2. Nf3 d5 3. Nc3 Bg4 4. h3 Bxf3 5. Qxf3 e6 6. Be2 Nf6 {[%emt 0:00:05] B11: Caro-Kann: Two Knights Variation.} 7. O-O Bc5 8. Rd1 $1 {[%emt 0:01:06] 8.Rd1 is better than 8.d3.} O-O {[%emt 0:10:06] The position is equal.} 9. d4 {[%emt 0:03:59] [#]} Be7 $146 ({Predecessor:} 9... Bb4 10. e5 Nfd7 11. Qg3 Kh8 12. Bg4 c5 13. Ne2 cxd4 14. Nxd4 Qc7 15. c3 Bc5 {0-1 (44) Barkasheva,S (1634)-Khachatryan,M (1830) Moscow 2021}) 10. Be3 Nbd7 11. Bd3 Kh8 (11... dxe4 $11 {remains equal.} 12. Nxe4 (12. Bxe4 Nxe4 13. Nxe4 Nf6 $11) 12... Nxe4 13. Qxe4 Nf6) 12. Rab1 ({White should try} 12. e5 $16) 12... a6 13. a3 (13. e5 $5 Ne8 14. Ne2 $16 (14. Qh5 g6 $14)) 13... Rc8 14. Re1 (14. e5 $5 Ng8 15. b4 $14 (15. Qh5 g6 $11)) 14... b5 (14... Nxe4 $14 15. Nxe4 dxe4 16. Qxe4 Nf6) 15. Rbd1 Nb6 16. Bc1 (16. e5 $5 Nfd7 17. Ne2 $11 (17. Qh5 g6 $11)) 16... Nc4 17. Kh1 Qa5 18. Qg3 Qc7 19. Qf3 (19. e5 $1 $14 Nd7 20. a4) 19... Qb7 ({Black should play} 19... Qa5 $11) 20. Qg3 (20. e5 $14 Nd7 21. Ne2 (21. Qh5 g6 $11)) 20... Qb8 ({Better is} 20... Qc7 $11) 21. e5 $14 {[%emt 0:01:29] Black must now prevent Qh4.} Nd7 22. Ne2 c5 23. c3 cxd4 24. cxd4 Rc6 25. Nf4 Qd8 (25... Rfc8 $11) 26. Qf3 {[%emt 0:01:06] And now Qh5 would win. White is more active.} (26. Nh5 g6 27. Nf4 Qb6 $11) 26... g6 {[%emt 0:04:59] Against Qh5} 27. Nh5 Bg5 {[%emt 0:03:35] Threatens to win with ...Bxc1.} 28. Nf4 $1 Be7 29. Qg4 Rg8 30. Bb1 Nf8 31. Ne2 Nd7 32. Qf3 Qe8 33. Nf4 Qd8 34. g3 {[%emt 0:00:31] White now steadily converts the win.} Bf8 (34... Qf8 $142) 35. h4 $16 f5 (35... Qe8 $16) 36. exf6 $18 Qxf6 37. Qg4 Bg7 (37... Qf7 $142 38. Nxe6 (38. Rxe6 Rxe6 39. Qxe6 Qxe6 $18) 38... Nf6) 38. Kg1 ({Don't play} 38. Nxe6 $6 Re8) ({Don't do} 38. Rxe6 $6 Rxe6 39. Qxe6 Qxe6 40. Nxe6 Re8 $16) 38... Nf8 39. Kg2 Nb6 40. h5 g5 {[%emt 0:00:15] [#]} 41. Ng6+ Nxg6 42. hxg6 h6 {[%emt 0:00:11] [#]} (42... Rf8 43. f4 Rxc1 44. Rxc1 Qxd4 45. Qxg5 Qxb2+ 46. Rc2 h6) 43. Bxg5 $1 {[%emt 0:01:51][%mdl 512] White is clearly winning.} Qxg5 44. Qxg5 hxg5 45. Rh1+ Bh6 46. Rxh6+ Kg7 47. Rh7+ Kf8 48. Rf7+ Ke8 49. Rh1 {[%emt 0:00:35] Weighted Error Value: White=0.25 (precise) /Black=0.29 (precise)} 1-0

[Event "SUI-ch Bundesturnier TP-1 2022"]
[Site "Payerne"]
[Date "2022.05.28"]
[Round "6.9"]
[White "Rohrer, Christophe"]
[Black "Asllani, Dorian"]
[Result "0-1"]
[ECO "B31"]
[WhiteElo "2285"]
[BlackElo "2116"]
[Annotator "TA"]
[PlyCount "62"]
[EventDate "2022.05.26"]
[EventType "swiss"]
[EventCountry "SUI"]
[SourceTitle "playchess.com"]
[Source "ChessBase"]
[SourceQuality "1"]
[TimeControl "5400+30"]

1. e4 c5 2. Nf3 Nc6 3. Bb5 g6 4. Bxc6 dxc6 5. d3 Bg7 6. h3 b6 7. Nc3 e5 {[%emt 0:00:36] 7...e5 has become a bit dusty these days.} 8. Be3 f6 {[%emt 0:03:28] B31: Sicilian: 2...Nc6 3 Bb5 g6.} 9. Qd2 Be6 10. a3 {[%emt 0:03:25] [#]} Qd6 $146 {[%emt 0:07:46] White has an edge.} ({Predecessor:} 10... a5 11. O-O a4 12. Ne2 Ne7 13. Bh6 O-O 14. Rad1 Qd6 15. Nh2 f5 16. Bxg7 Kxg7 {0-1 (47) Stets,D (2468)-Gullaksen,E (2387) Fagernes 2012}) 11. Nh2 g5 12. h4 h6 13. Nf1 Ne7 14. h5 Rd8 15. Qe2 Qd7 16. f3 f5 {[%emt 0:02:24] Inhibits g4.} 17. exf5 Nxf5 18. Bf2 (18. O-O-O $11) 18... O-O 19. g4 ({Better is} 19. O-O-O $15) 19... Nd4 $17 {[%emt 0:04:29] Black is more active.} 20. Bxd4 exd4 ({Not} 20... Qxd4 21. O-O-O $15) 21. Ne4 Qf7 (21... c4 $17 22. Nfd2 c3 23. bxc3 dxc3) 22. Nfd2 $15 c4 23. O-O (23. dxc4 $15 d3 24. cxd3) 23... c3 $36 {[%emt 0:03:34][%mdl 2048] White is under strong pressure.} 24. bxc3 dxc3 25. Nb1 {[%emt 0:00:34][%mdl 8192] [#] Now White is beyond hope.} (25. Nc4 $17) 25... Bd5 $19 ({Don't blunder} 25... Bd4+ $2 26. Kg2 $17) 26. a4 Qf4 {[%emt 0:09:10] Threatens to win with ...Bxe4.} 27. Qh2 (27. Kh1 $142 Bxe4 28. dxe4) 27... Bd4+ {[%emt 0:02:16] Black is clearly winning.} 28. Kh1 {[%emt 0:00:37] [#]} Qxg4 29. fxg4 Bxe4+ 30. dxe4 Rxf1+ 31. Kg2 Rf2+ {[%emt 0:00:42] Weighted Error Value: White=0.56/Black=0.09 (flawless)} 0-1

[Event "SUI-ch Bundesturnier TP-1 2022"]
[Site "Payerne"]
[Date "2022.05.28"]
[Round "6.10"]
[White "Rappaz, Pierre-M."]
[Black "Gschnitzer, Adrian"]
[Result "0-1"]
[ECO "A33"]
[WhiteElo "2024"]
[BlackElo "2441"]
[Annotator "TA"]
[PlyCount "52"]
[EventDate "2022.05.26"]
[EventType "swiss"]
[EventCountry "SUI"]
[SourceTitle "playchess.com"]
[Source "ChessBase"]
[SourceQuality "1"]
[TimeControl "5400+30"]

1. Nf3 Nf6 2. c4 c5 3. d4 cxd4 4. Nxd4 Nc6 5. Nc3 e6 6. g3 Qb6 7. Ndb5 Ne5 {[%emt 0:00:53] With the idea ...Bc5.} 8. Be3 {[%emt 0:03:26] Recently 8.Bf4 got a lot of attention. A33: Symmetrical English: 2 Nf3 Nf6 3 d4 cxd4 4 Nxd4 e6 5 Nc3 Nc6.} Qc6 {[%emt 0:04:32] [#] And now ...a6 would win.} 9. f3 $146 (9. Qd4 $15) ({Predecessor:} 9. Bf4 a6 10. Qa4 b6 11. Nd4 Qxh1 12. Bxe5 Ng4 13. Nf3 Bb7 14. O-O-O Bc6 15. Qc2 Bxf3 16. exf3 Nxe5 {0-1 (61) Govciyan,P (2430)-Cornette,M (2487) Aix les Bains 2007}) 9... Nxc4 $17 10. Bf4 (10. Bc1 $17) 10... e5 $19 ({But not} 10... Nxb2 11. Qb3 e5 12. Bxe5 $16) 11. Bg5 {[%emt 0:01:12] [#]} (11. e4 exf4 12. Bxc4 Qxc4 13. e5) 11... a6 $1 12. b3 Nb6 ({Don't go for} 12... axb5 $2 13. bxc4 bxc4 14. Bxf6 gxf6 15. Nd5 $19) 13. Rc1 axb5 14. e4 Bb4 15. Bd2 Qd6 16. Bxb5 O-O {[%emt 0:01:33] Black is clearly winning.} 17. Qe2 Qd4 18. Kf1 d5 19. Be3 Bh3+ 20. Kf2 {[%emt 0:00:38] [#]} Bxc3 21. Bxd4 Bxd4+ 22. Ke1 dxe4 23. fxe4 Ng4 24. Rc7 (24. Rf1 $142 Bxf1 25. Kxf1) 24... Ne3 {[%emt 0:05:41] aiming for ...Bg2.} 25. a4 Bg2 {[%emt 0:04:04] A strong pair of Bishops.} 26. Rg1 Bxe4 {[%emt 0:00:15] White got outplayed after the opening.  Weighted Error Value: White=0.66/Black=0.14 (very precise)} 0-1

[Event "SUI-ch Bundesturnier TP-1 2022"]
[Site "Payerne"]
[Date "2022.05.29"]
[Round "7.1"]
[White "Bauer, Christian"]
[Black "Colmenares, Aurelio"]
[Result "1/2-1/2"]
[WhiteElo "2596"]
[BlackElo "2318"]
[Annotator "TA"]
[PlyCount "36"]
[EventDate "2022.05.26"]
[EventType "swiss"]
[EventCountry "SUI"]
[SourceTitle "playchess.com"]
[Source "ChessBase"]
[SourceQuality "1"]
[TimeControl "5400+30"]

1. e4 e5 2. Nf3 Nc6 3. Nc3 Nf6 4. Bb5 Bb4 5. O-O O-O 6. Bxc6 bxc6 7. d3 Bxc3 8. bxc3 d6 9. Bg5 {[%emt 0:00:08] [#]} {Predecessor:} h6 $146 {C49: Four Knights: 4 Bb5 Bb4.} 10. Bh4 Bg4 11. Re1 Qe7 12. d4 Rfe8 13. Qd3 g5 14. Bg3 exd4 15. Nxd4 c5 16. Nc6 Qd7 17. Na5 Qa4 18. Nc4 Be6 {1-0 (53) Sjugirov,S (2663)-Macovei,A (2454) Chess.com INT 2021} 1/2-1/2

[Event "SUI-ch Bundesturnier TP-1 2022"]
[Site "Payerne"]
[Date "2022.05.29"]
[Round "7.2"]
[White "Sutter, Oliver"]
[Black "Willems, Niels"]
[Result "1/2-1/2"]
[ECO "A34"]
[WhiteElo "2316"]
[BlackElo "2338"]
[Annotator "TA"]
[PlyCount "112"]
[EventDate "2022.05.26"]
[EventType "swiss"]
[EventCountry "SUI"]
[SourceTitle "playchess.com"]
[Source "ChessBase"]
[SourceQuality "1"]
[TimeControl "5400+30"]

1. Nf3 {[%emt 0:00:09] Ribli,Z} c5 2. c4 Nc6 3. Nc3 Nf6 4. g3 d5 5. cxd5 Nxd5 6. Bg2 Nc7 7. O-O e5 8. a3 Be7 9. b4 O-O {[%emt 0:10:02] was the old line (9...cxb4). A34: Symmetrical English: 2 Nc3, lines with ...d5.} 10. b5 Nd4 11. Nxe5 Bf6 {[%emt 0:18:17] [#] White is slightly better.} 12. Nf3 $146 (12. f4 $14 {feels stronger.}) ({Predecessor:} 12. f4 Bxe5 13. fxe5 Bg4 14. a4 Nxe2+ 15. Nxe2 Bxe2 16. Qxe2 Qd4+ 17. Qe3 Qxa1 18. Ba3 {1-0 (43) Hansen,C (2607)-Mueller,K (2489) Germany 2006 CBM 112 [Ribli,Z]}) 12... Nxf3+ 13. Bxf3 Nxb5 14. Rb1 Nxc3 15. dxc3 Bh3 16. Bg2 (16. Bxb7 $11 Bxc3 17. Be3) 16... Bxg2 $15 17. Kxg2 Qe7 {[%emt 0:01:32] [#] White must now prevent ...Qe4+.} 18. Qd3 {[%emt 0:03:40] Prevents Qe4+.} (18. Qc2 $1 $15) 18... Rfe8 19. Be3 b6 20. Rfd1 Qe6 21. Kg1 ({Better is} 21. c4 $15) 21... Qa2 22. c4 {[%emt 0:07:41] [#] Hoping for Rd2.} Rad8 23. Rd2 Rxd3 24. Rxa2 Rc3 25. a4 Rxc4 26. a5 Bd8 (26... Rb4 $5 27. Rd1 h6 $17) 27. Rd2 Rce4 (27... bxa5 $2 28. Rb8 Kf8 29. Rdxd8 Rxd8 30. Rxd8+ Ke7 31. Ra8 $18) (27... Ra4 $17 28. axb6 axb6) 28. Rd7 $11 {[%emt 0:02:35] The position is equal.} R4e7 29. Rbd1 Bc7 30. Bf4 $1 Rxd7 31. Rxd7 Bxf4 32. gxf4 {[%emt 0:00:04][%mdl 4096] Endgame KR-KR} Ra8 33. axb6 axb6 {[%emt 0:00:01] Threatening ...g6.} 34. Rb7 g5 35. Rxb6 gxf4 36. Rc6 {[%emt 0:00:10] Inhibits Rc8.} Ra1+ 37. Kg2 Rc1 38. Kf3 Rc4 39. h4 Kg7 40. h5 f6 41. Kg4 Rc2 42. Rc7+ Kh6 43. Rf7 Rxe2 44. Rxf6+ Kg7 45. Rxf4 Rc2 46. Kg5 h6+ 47. Kf5 Re2 48. Kg4 Re5 49. Rf5 Rxf5 50. Kxf5 {[%emt 0:00:04] KPP-KPP} c4 51. Ke4 Kf6 {[%emt 0:00:05] And now ...Kg5 would win.} 52. Kd4 Kg5 53. Kxc4 Kxh5 54. Kd3 Kg4 {[%emt 0:00:11] ( -> ...Kf3)} 55. Ke2 h5 56. Kf1 Kf3 {[%emt 0:00:14] Weighted Error Value: White=0.09 (flawless) /Black=0.08 (flawless)} 1/2-1/2

[Event "SUI-ch Bundesturnier TP-1 2022"]
[Site "Payerne"]
[Date "2022.05.29"]
[Round "7.3"]
[White "Joie, Sebastien"]
[Black "Mamalis, Prokopios"]
[Result "1-0"]
[ECO "A30"]
[WhiteElo "2376"]
[BlackElo "2067"]
[Annotator "TA"]
[PlyCount "89"]
[EventDate "2022.05.26"]
[EventType "swiss"]
[EventCountry "SUI"]
[SourceTitle "playchess.com"]
[Source "ChessBase"]
[SourceQuality "1"]
[TimeControl "5400+30"]

1. Nf3 Nf6 2. g3 b6 3. Bg2 Bb7 4. O-O g6 5. b3 Bg7 6. Bb2 O-O 7. c4 c5 8. Nc3 d6 9. d4 {[%emt 0:01:38] 9.d4 scores better than 9.e3.} cxd4 10. Qxd4 Ne4 {[%emt 0:03:21] A30: Symmetrical English: Double Fianchetto and Hedgehog.} 11. Qe3 Nxc3 12. Bxc3 Bxc3 {[%emt 0:00:06] White is slightly better.} 13. Qxc3 Nd7 14. Qe3 Nf6 15. Rad1 {[%emt 0:01:44] [#]} Qd7 $146 ({Predecessor:} 15... Rc8 16. h4 Rc5 17. Rd4 a6 18. Rfd1 Qc7 19. b4 Bxf3 20. bxc5 bxc5 21. R4d3 Bxg2 22. Kxg2 {1-0 (47) Oparin,G (2652)-Livaic,L (2505) Chess.com INT 2021}) 16. Rd4 Rfd8 17. Qh6 Bxf3 18. Bxf3 Rac8 19. g4 {[%emt 0:02:35][%cal Bg3g4,Bg4g5][%mdl 32] Black should prevent g5.} Qc7 20. g5 Nd7 21. Bg4 e6 22. Rfd1 Nf8 23. Qh3 Qc5 24. Qe3 $1 Qa3 25. Qd2 Rc5 26. Rxd6 (26. Rd3 $16 {aiming for b4.} Rc7 27. Bf3 (27. Rxd6 Rcd7 $11)) 26... Rxd6 $11 27. Qxd6 Qxa2 28. Qe7 Rc8 29. Rd3 Qa1+ 30. Kg2 {[%emt 0:00:02] [#] Rf3 is the strong threat. Active counter play!} Qe5 $1 31. h4 $40 {[%emt 0:15:32][%mdl 128] White attacks.} Qf4 32. Kh3 {[%emt 0:05:31] Threatens to win with Rf3.} Rc7 (32... Qc7 $11 33. Qd6 Qxd6 34. Rxd6 Rc7) 33. Qd8 $1 $14 Qe5 $2 {[%emt 0:01:46] [#] This costs Black the game.} (33... b5 $14) 34. Qb8 $1 $18 Rc5 35. Qxa7 Ra5 (35... Qc7 $142 36. Qa8 Qc6) 36. Qe7 {[%emt 0:04:53] Black must now prevent Rd8.} Qa1 37. Kg2 {[%emt 0:04:03] Against Qh1+. And now Rd8 would win.} Ra7 38. Qe8 Ra8 39. Qc6 {[%emt 0:00:06] Strongly threatening Bf3.} Qa6 40. Rd6 Rc8 41. Qxb6 Qa8+ (41... Qxb6 42. Rxb6 Nd7) 42. Bf3 Qa2 43. Qb7 Rc5 44. Rd8 {[%emt 0:00:53] Threatening mate with Qe7.} Qa5 45. Qe7 {[%emt 0:01:39] Weighted Error Value: White=0.09 (flawless) /Black=0.47} 1-0

[Event "SUI-ch Bundesturnier TP-1 2022"]
[Site "Payerne"]
[Date "2022.05.29"]
[Round "7.4"]
[White "Kamber, Bruno"]
[Black "Stijve, Theo"]
[Result "0-1"]
[ECO "B45"]
[WhiteElo "2225"]
[BlackElo "2341"]
[Annotator "TA"]
[PlyCount "128"]
[EventDate "2022.05.26"]
[EventType "swiss"]
[EventCountry "SUI"]
[SourceTitle "playchess.com"]
[Source "ChessBase"]
[SourceQuality "1"]
[TimeControl "5400+30"]

1. e4 c5 2. Nf3 e6 3. d4 cxd4 4. Nxd4 Nf6 5. Nc3 Nc6 6. a3 Be7 7. Nxc6 {[%emt 0:01:16] outshines the older 7.Be2. B45: Sicilian Four Knights.} bxc6 8. e5 Nd5 9. Ne4 {[%emt 0:00:10] The position is equal.} f5 10. exf6 Nxf6 11. Nd6+ {[%emt 0:00:32] [#]} Bxd6 $146 ({Predecessor:} 11... Kf8 12. Bg5 Qa5+ 13. Bd2 Qe5+ 14. Be2 Bxd6 15. Bc3 Qd5 16. Bf3 Qxd1+ 17. Rxd1 Ke7 {0-1 (41) Demestres Lopez,R (1955)-Canellas Magide,L (2215) Barcelona 2004}) 12. Qxd6 Qb6 13. Bd3 c5 14. Bf4 Bb7 15. O-O Rc8 16. c4 Rc6 17. Qb8+ Bc8 18. b4 d6 19. Qxb6 axb6 20. b5 Rc7 21. a4 $36 {[%emt 0:00:04][%mdl 2048] White has strong initiative.} ({Don't play} 21. Bxd6 Rd7 22. Bxc5 bxc5 $15) 21... Ke7 22. a5 bxa5 23. Rxa5 Nd7 24. Bg5+ Kf7 25. Bf4 {[%emt 0:01:45] This bishop pair is nice.} Ke7 26. Bg5+ Kf7 27. Bf4 ({White should try} 27. Rc1 $16) 27... e5 (27... Ke7 $1 $11) 28. Bd2 $16 Nb6 29. f4 {[%emt 0:00:28] [#] Threatens to win with fxe5+.} e4 30. Bxe4 ({Only move:} 30. Be2 $16) 30... Nxc4 $11 31. Bd5+ Be6 32. Bxc4 Bxc4 33. Rc1 Bd3 34. Rc3 Be4 35. Re3 Re7 36. b6 Rb8 37. Ra7 {[%emt 0:00:19] Hoping for Rxe4.} d5 38. Rc3 (38. Rb3 $11) 38... Rxb6 $17 39. Rxe7+ Kxe7 40. Rxc5 {[%emt 0:00:09][%mdl 4096] Endgame KRB-KRB} Rb2 41. Bc3 Rxg2+ 42. Kf1 Kd6 {[%emt 0:04:12] Black is more active.} (42... Ke6 $142 43. h4 g6) 43. Ra5 ({Better is} 43. Rc8) 43... g6 44. h4 Rh2 45. Bf6 (45. Ra6+ $17 Kc5 46. Be1) 45... Ke6 $19 46. Bg5 Kf5 47. Ke1 Bf3 48. Ra4 Be4 $2 (48... Re2+ $19 49. Kf1 Rh2) 49. Rd4 $2 (49. Ra5 $1 $11) 49... Kg4 50. Rd2 Rh1+ 51. Kf2 Rh3 52. Ke1 (52. Re2 $142) 52... Rb3 53. Kf2 (53. Ra2 $142) 53... Kh5 54. Ke1 Rh3 55. Rf2 d4 56. Bf6 d3 {[%emt 0:00:32] Inhibits Re2. White must now prevent ...Kg4.} 57. Kd2 $2 (57. f5 {was necessary.} gxf5 58. Rf4) 57... Kg4 58. Bg5 Bf5 59. Kc3 Rh1 60. Rb2 Kf3 {[%emt 0:00:25] ...Ke3 is the strong threat.} 61. Rb8 $2 {[%emt 0:01:24] [#]} (61. Be7 $19) 61... Rc1+ {[%emt 0:02:04] Black mates.} 62. Kd2 Rc2+ 63. Kd1 Bg4 64. Re8 Kf2+ {[%emt 0:00:09] Weighted Error Value: White=0.47/Black=0.15 (very precise)} 0-1

[Event "SUI-ch Bundesturnier TP-1 2022"]
[Site "Payerne"]
[Date "2022.05.29"]
[Round "7.5"]
[White "Asllani, Dorian"]
[Black "Collin, Moritz Valentin"]
[Result "1-0"]
[ECO "E38"]
[WhiteElo "2116"]
[BlackElo "2052"]
[Annotator "TA"]
[PlyCount "69"]
[EventDate "2022.05.26"]
[EventType "swiss"]
[EventCountry "SUI"]
[SourceTitle "playchess.com"]
[Source "ChessBase"]
[SourceQuality "1"]
[TimeControl "5400+30"]

1. d4 Nf6 2. c4 e6 3. Nc3 Bb4 4. Qc2 c5 5. e3 Nc6 6. Nf3 d5 7. a3 Bxc3+ {[%emt 0:00:32] E38: Nimzo-Indian: Classical: 4...c5.} 8. bxc3 O-O 9. Rb1 {[%emt 0:18:21] [#]} dxc4 $146 (9... b6 $15) ({Predecessor:} 9... b6 10. cxd5 exd5 11. Bb5 Ne7 12. dxc5 bxc5 13. O-O Qc7 14. Be2 Bf5 15. Bd3 Bxd3 16. Qxd3 {½-½ (39) Schlindwein,R (2409)-Cvitan,O (2489) Baden 2018}) 10. Bxc4 $11 Qc7 11. Bd3 Rd8 12. Bb2 b6 13. O-O Bb7 14. dxc5 bxc5 (14... Na5 {feels hotter.} 15. cxb6 axb6 16. c4 Rxd3 17. Qxd3 Be4) 15. c4 h6 16. Bxf6 gxf6 17. Rfd1 {[%emt 0:00:14] aiming for Qb2.} Rab8 18. Rb5 Ne5 19. Nxe5 Qxe5 {[%emt 0:00:47] [#] A mistake that costs the game.} (19... fxe5 $11 {and Black has nothing to worry.} 20. h3 a6) 20. Rxb7 $1 Rxb7 21. Bh7+ {[%emt 0:00:07][%mdl 64] Discovered Attack} Kg7 22. Rxd8 f5 23. Bxf5 ({Reject} 23. Bg8 $6 Qf6 24. Rd1 (24. Qd1 $2 Qxd8 25. Qf1 Kxg8 $19) 24... Kxg8 $11) 23... Rb2 {[%emt 0:06:34] [#]} (23... Qxf5 $16 24. Qxf5 exf5) 24. Qc1 $1 $18 exf5 {[%emt 0:00:58][%mdl 4096] Endgame KQR-KQR} 25. Rd5 $36 {[%emt 0:01:20][%mdl 2048] White has strong initiative.} Qb8 {[%emt 0:01:56] [#]} (25... Qf6 {might work better.} 26. g3 (26. Rxc5 Rc2 $16) 26... Ra2) 26. Qc3+ $1 ({But not} 26. Rxf5 $2 Rb1 27. g4 Rxc1+ $19) 26... Kg6 {[%emt 0:05:58] ( -> ...Rb1+)} 27. g3 Ra2 28. Qd3 {[%emt 0:00:29] Inhibits Qb1+.} Qb2 $2 (28... Ra1+ 29. Kg2 Qb1 30. Qxb1 Rxb1 31. Rxc5 Rb6) 29. Qxf5+ {[%emt 0:00:23] White is clearly winning.} Kg7 30. Qg4+ Kh7 31. Qf3 (31. Qf4 $142 Kg7 32. Rd6 Qb1+ 33. Kg2 Qb7+ 34. e4) 31... Kg7 32. Rxc5 {[%emt 0:01:58] Strongly threatening Qg4+.} Ra1+ 33. Kg2 Qb1 34. Qg4+ Kf6 (34... Qg6 $142 35. Qd4+ Qf6) 35. Rc6+ {[%emt 0:02:44] Weighted Error Value: White=0.24 (precise) /Black=0.34} 1-0

[Event "SUI-ch Bundesturnier TP-1 2022"]
[Site "Payerne"]
[Date "2022.05.29"]
[Round "7.6"]
[White "Laurent-Paoli, Pierre"]
[Black "Hugentobler, Patrick"]
[Result "1/2-1/2"]
[ECO "C13"]
[WhiteElo "2486"]
[BlackElo "2161"]
[Annotator "TA"]
[PlyCount "83"]
[EventDate "2022.05.26"]
[EventType "swiss"]
[EventCountry "SUI"]
[SourceTitle "playchess.com"]
[Source "ChessBase"]
[SourceQuality "1"]
[TimeControl "5400+30"]

1. e4 e6 2. d4 d5 3. Nc3 Nf6 4. Bg5 dxe4 5. Nxe4 Nbd7 6. Nxf6+ Nxf6 7. Nf3 c5 {[%emt 0:02:29] 7...h6 is a critical line.} 8. Ne5 {[%emt 0:09:55] C13: French: Classical System: 4 Bg5 Be7, Alekhine-Chatard Attack.} Qa5+ 9. Bd2 {[%emt 0:03:23] [#]} Qc7 $146 ({Predecessor:} 9... Qb6 10. Nc4 Qc6 11. Ne5 Qe4+ 12. Be3 a6 13. Qd2 cxd4 14. Qxd4 Qxd4 15. Bxd4 Nd5 {1-0 (57) Shadrina,T (2401)-Dushenok,A (2238) Izmir 2004}) 10. Bb5+ {[%emt 0:00:36] White has an edge.} Bd7 11. Nxd7 Nxd7 12. dxc5 Bxc5 13. Qh5 $36 {[%emt 0:09:18][%mdl 2048] aiming for Bxd7+. White has the initiative.} O-O-O 14. O-O-O Nf6 15. Qe2 Qb6 16. Kb1 Ne4 17. Qxe4 $14 Qxb5 18. Bc3 Rxd1+ 19. Rxd1 {[%emt 0:00:03] Qe5 is the strong threat.} Rd8 20. Rxd8+ Kxd8 {[%emt 0:00:05][%mdl 4096] Endgame KQB-KQB} 21. b4 {[%emt 0:02:33] [#] Black must now prevent Qe5.} Be7 {[%emt 0:04:36] The position is equal.} 22. a3 ({Much weaker is} 22. Qxh7 Bxb4 23. Bxb4 Qxb4+ 24. Kc1 Qf4+ 25. Kb1 g6 $15) 22... a5 23. Kb2 axb4 24. axb4 g6 25. f3 Kd7 26. Qd4+ Kc6 27. Qf4 f5 28. h3 e5 29. Qxe5 Qxe5 30. Bxe5 Bxb4 $11 {[%emt 0:00:06] KB-KB} 31. Kb3 Bc5 32. c4 b5 33. g4 bxc4+ 34. Kxc4 fxg4 35. fxg4 Ba3 36. Kd4 Kd7 37. Kd5 Ke7 38. Bd4 Kf7 39. h4 Be7 40. h5 gxh5 41. gxh5 Ba3 42. Ke4 {[%emt 0:00:12] Weighted Error Value: White=0.06 (flawless) /Black=0.06 (flawless)} 1/2-1/2

[Event "SUI-ch Bundesturnier TP-1 2022"]
[Site "Payerne"]
[Date "2022.05.29"]
[Round "7.7"]
[White "Gschnitzer, Adrian"]
[Black "Bischofberger, Dario"]
[Result "1-0"]
[ECO "C10"]
[WhiteElo "2441"]
[BlackElo "2208"]
[Annotator "TA"]
[PlyCount "97"]
[EventDate "2022.05.26"]
[EventType "swiss"]
[EventCountry "SUI"]
[SourceTitle "playchess.com"]
[Source "ChessBase"]
[SourceQuality "1"]
[TimeControl "5400+30"]

1. e4 e6 2. d4 d5 3. Nc3 Nf6 4. Bg5 dxe4 5. Nxe4 Nbd7 6. Nf3 h6 7. Nxf6+ Nxf6 8. Be3 Bd6 {[%emt 0:03:11] C10: French with 3 Nc3: Unusual Black 3rd moves and 3...dxe4.} 9. Bd3 O-O {[%emt 0:01:24] [#] The main line 9...0-0 scores better than 9...b6.} 10. Ne5 $146 ({Predecessor:} 10. Qe2 b6 11. O-O-O Bb7 12. Ne5 Nd5 13. Bd2 Qh4 14. Nf3 Qf6 15. Qe4 Qg6 16. Qxg6 fxg6 17. Bxg6 {½-½ (34) Kokarev,D (2576)-Grachev,B (2615) Sochi 2022}) 10... c5 {[%emt 0:07:51] The position is equal.} 11. Nc4 {[%emt 0:03:03] Inhibits Qa5+.} cxd4 12. Bxd4 Be7 (12... e5 $15 {is superior.} 13. Bc3 Bc7) 13. c3 Bd7 14. Qe2 Bc6 15. O-O-O Bd5 16. Kb1 {[%emt 0:01:26] White is more active.} Qc7 17. f3 Rfd8 18. g4 b5 19. Ne3 b4 20. Nxd5 Rxd5 21. Bc4 Rd7 (21... bxc3 $5 22. Bxc3 Rc5 $11) 22. Bb5 Rd5 23. c4 Rdd8 24. h4 a6 25. Ba4 Qa5 (25... Rac8 $1 $11 {and Black has nothing to worry.}) 26. Bc2 $18 {[%emt 0:00:59][%cal Og4g5] A strong pair of Bishops.} Nd7 $2 (26... Bc5) 27. Qe4 (27. g5 $18 {and the rest is easy.}) 27... Nf8 $16 28. b3 Rac8 29. f4 Rxd4 (29... Qc7 $16 {was worth a try.} 30. g5 h5) 30. Rxd4 $40 {[%emt 0:02:28][%mdl 128] White has strong attack.} ({Resist} 30. Qxd4 h5 31. g5 g6) 30... Bf6 31. Rd2 $1 g6 32. Bd1 Bc3 33. Rd3 Bg7 34. g5 h5 (34... Rd8 $16 35. Rxd8 Qxd8) 35. Bf3 $1 Qc5 36. Rhd1 (36. Qe3 $18) 36... a5 {[%emt 0:00:21] [#]} (36... Qf2 $16 {keeps fighting.} 37. R3d2 Qc5) 37. Qe3 $1 Qc7 (37... Qe7 $142 38. Rd6 a4) 38. Rd6 a4 39. Rc6 Qb8 40. Rxc8 Qxc8 {[%emt 0:00:03] [#]} 41. Rd6 $1 axb3 42. axb3 e5 43. fxe5 Qh3 $2 (43... Qf5+ 44. Qe4 Qc8) 44. c5 {[%emt 0:01:43] White is clearly winning.} Qg3 45. c6 {[%emt 0:01:15] Threatens to win with c7.} Bxe5 46. c7 Bf4 47. Qe4 Bxd6 48. c8=Q Qg1+ 49. Qc1 {[%emt 0:00:21] Weighted Error Value: White=0.16 (very precise) /Black=0.40} 1-0